Map: Cactus Valley LE (Void)

Players

TT1 - Winner!

  • Race: Protoss Protoss

Wintersc2 (Winter)

  • Race: Protoss Protoss

VOD

Have the link to the VOD?

Description

Time

  • Played on: April 5, 2015, 10:15 p.m.
  • Length: 4:53
Show
View Real Time Build Order
Export as new Build Order

TT1 Protoss - Winner!

Build Orders: Phoenix Opening, Phoenix Opening 

Get SALT Encoding   

  12  0:00  Probe  
  13  0:15  Pylon  
  13  0:17  Probe  
  14  0:33  Probe (Chrono Boost)  
  14  0:35  Gateway  
  15  0:45  Assimilator  
  15  0:46  Probe (Chrono Boost)  
  16  0:53  Probe (Chrono Boost)  
  17  1:00  Assimilator  
  17  1:03  Probe (Chrono Boost)  
  18  1:09  Pylon  
  18  1:13  Probe (Chrono Boost)  
  19  1:20  Probe  
  19  1:24  Cybernetics Core  
  20  1:32  Probe (Chrono Boost)  
  21  1:43  Probe (Chrono Boost)  
  22  1:50  Probe (Chrono Boost)  
  22  1:52  Pylon  
  23  2:01  Adept (Chrono Boost)  
  25  2:02  Stargate  
  25  2:04  Probe  
  26  2:17  Mothership Core  
  28  2:24  Zealot, Warp Gate (Chrono Boost)  
  30  2:38  Probe  
  31  2:46  Phoenix (Chrono Boost)  
  31  2:51  Stalker, Gateway  
  35  2:59  Gateway  
  35  3:07  Probe  
  36  3:14  Phoenix (Chrono Boost)  
  36  3:39  Phoenix (Chrono Boost)  
  38  3:46  Pylon  
  38  4:02  Pylon  
  38  4:04  Phoenix  
  40  4:27  Stalker  
  40  4:28  Stalker  
  40  4:30  Stalker  
  48  4:51  Stalker x2  
  48  4:52  Pylon  
Show
View Real Time Build Order
Export as new Build Order

Wintersc2 Protoss 

Build Orders: 1 Gate Expand 

Get SALT Encoding   

  12  0:04  Probe  
  13  0:14  Pylon  
  13  0:21  Probe (Chrono Boost)  
  14  0:33  Probe (Chrono Boost)  
  15  0:38  Gateway  
  16  0:42  Probe (Chrono Boost)  
  16  0:50  Probe  
  17  0:59  Assimilator  
  17  1:02  Probe (Chrono Boost)  
  18  1:05  Pylon  
  18  1:13  Probe (Chrono Boost)  
  19  1:20  Probe (Chrono Boost)  
  19  1:25  Cybernetics Core  
  20  1:31  Probe  
  21  1:51  Nexus  
  22  1:54  Probe (Chrono Boost)  
  22  2:05  Warp Gate  
  22  2:06  Stalker, Probe (Chrono Boost)  
  25  2:12  Assimilator  
  26  2:15  Probe (Chrono Boost)  
  26  2:25  Probe (Chrono Boost)  
  27  2:32  Probe (Chrono Boost)  
  27  2:42  Mothership Core (Chrono Boost)  
  29  2:46  Pylon  
  29  2:49  Pylon  
  29  2:56  Probe  
  29  3:21  Stargate  
  29  3:22  Probe (Chrono Boost)  
  29  3:23  Forge  
  29  3:26  Gateway  
  31  3:29  Probe (Chrono Boost)  
  31  3:33  Probe (Chrono Boost)  
  32  3:38  Probe (Chrono Boost)  
  33  3:43  Stargate  
  33  3:45  Probe (Chrono Boost)  
  33  3:47  Probe (Chrono Boost)  
  35  3:52  Assimilator  
  36  3:59  Probe (Chrono Boost)  
  36  4:00  Photon Cannon  
  36  4:03  Probe (Chrono Boost)  
  36  4:06  Probe  
  36  4:08  Phoenix (Chrono Boost)  
  38  4:15  Probe  
  38  4:19  Photon Cannon  
  38  4:22  Probe  
  41  4:50  Zealot x2  
Tags
 
Add a new tag
Caveats
  • Supply blocks, unpowered buildings, or Contaminate may cause inaccurate times.
  • Supply counts are checked every 10 seconds.